General information
- name: BNet
- type: Ladder 1vs1/FFA
- host: Battle.net
- saver: 7.12
map: TwistedMeadows
- players: 2
- length: 92:50
- speed: Fast
- version: 1.24 W3XP
- replay type: Public
» download(292 KB)
Players
team 1 (winner)
7.12 (
teal | 62 APM | 5717 actions | 92:50)
8 Blademaster
3 Wind Walk
3 Critical Strike
1 Bladestorm
1 Mirror Image
6 Shadow Hunter
3 Healing Wave
2 Hex
1 Big Bad Voodoo
5 Tauren Chieftain
2 War Stomp
3 Endurance Aura
» actions
| Assign group hotkey | 112 | |
| Basic commands | 274 | |
| Build / train | 185 | |
| ESC pressed | 13 | |
| Enter build submenu | 102 | |
| Enter hero's abilities submenu | 19 | |
| Give item / drop item | 15 | |
| Remove unit from queue | 1 | |
| Right click | 2427 | |
| Select / deselect | 1282 | |
| Select group hotkey | 706 | |
| Use ability | 579 | |
5717 total
» units
| Peon | 20 | |
| Grunt | 6 | |
| Troll Witch Doctor | 6 | |
| Raider | 8 | |
| Spirit Walker | 3 | |
| Kodo Beast | 4 | |
| Goblin Shredder | 2 | |
| Troll Batrider | 25 | |
| Tauren | 3 | |
| Goblin Zeppelin | 2 | |
79 total
» upgrades
| Berserker Strength | 1 | |
| Ensnare | 1 | |
| Witch Doctor Training | 2 | |
| Armor | 4 | |
| Spirit Walker Training | 2 | |
| Reinforced Defenses | 1 | |
| Ranged Weapons | 4 | |
| Liquid Fire | 1 | |
| Spiked Barricades | 2 | |
| Melee Weapons | 3 | |
| Pulverize | 1 | |
| Pillage | 1 | |
| War Drums Damage Increase | 1 | |
24 total
» buildings
| Altar of Storms | 1 | |
| Orc Burrow | 12 | |
| Voodoo Lounge | 3 | |
| Barracks | 2 | |
| Stronghold | 2 | |
| War Mill | 2 | |
| Spirit Lodge | 3 | |
| Beastiary | 3 | |
| Great Hall | 6 | |
| Watch Tower | 75 | |
| Fortress | 1 | |
| Tauren Totem | 2 | |
112 total
» build order
00:05 Altar of Storms
00:18 Orc Burrow
00:51 Voodoo Lounge
01:31 Orc Burrow
02:20 Barracks
02:23 Barracks
03:40 Orc Burrow
04:09 Stronghold
06:41 Orc Burrow
06:44 War Mill
07:21 Spirit Lodge
07:29 Beastiary
08:15 Great Hall
08:39 Watch Tower
09:31 Watch Tower
10:00 Orc Burrow
12:12 Fortress
13:36 Watch Tower
13:37 Watch Tower
13:39 Watch Tower
13:40 Watch Tower
14:08 Watch Tower
14:09 Watch Tower
15:35 Orc Burrow
16:09 Orc Burrow
16:17 Beastiary
16:39 Watch Tower
16:39 Watch Tower
19:27 Great Hall
19:30 Watch Tower
19:31 Watch Tower
19:32 Watch Tower
20:19 Watch Tower
20:56 Watch Tower
23:24 Watch Tower
23:27 Watch Tower
23:42 Watch Tower
23:43 Watch Tower
23:44 Watch Tower
23:45 Watch Tower
24:59 Orc Burrow
27:36 Watch Tower
27:37 Watch Tower
27:38 Watch Tower
27:38 Watch Tower
32:21 Orc Burrow
32:23 Watch Tower
32:27 Watch Tower
33:50 Tauren Totem
33:52 Tauren Totem
36:35 Voodoo Lounge
42:10 Great Hall
43:07 Watch Tower
43:09 Watch Tower
43:09 Watch Tower
43:11 Watch Tower
43:14 Watch Tower
43:16 Watch Tower
43:17 Watch Tower
43:19 Watch Tower
43:19 Watch Tower
43:20 Watch Tower
43:21 Watch Tower
45:11 Great Hall
46:33 Watch Tower
46:34 Orc Burrow
49:22 Watch Tower
49:23 Watch Tower
49:24 Watch Tower
49:28 Great Hall
50:16 Watch Tower
50:24 Watch Tower
51:22 Watch Tower
51:24 Watch Tower
51:31 Watch Tower
55:25 Watch Tower
55:25 Watch Tower
55:27 Watch Tower
55:28 Watch Tower
59:35 Watch Tower
61:23 Watch Tower
61:27 Watch Tower
61:27 Watch Tower
61:28 Watch Tower
61:29 Watch Tower
61:30 Watch Tower
61:31 Watch Tower
61:34 Watch Tower
61:35 Watch Tower
62:46 Watch Tower
62:49 Watch Tower
62:50 Watch Tower
67:20 Great Hall
67:23 Watch Tower
67:24 Watch Tower
67:25 Watch Tower
67:27 Watch Tower
68:54 Orc Burrow
78:58 Stronghold
80:17 War Mill
81:22 Spirit Lodge
81:24 Beastiary
82:41 Watch Tower
82:56 Voodoo Lounge
83:00 Spirit Lodge
83:35 Watch Tower
83:35 Watch Tower
83:37 Watch Tower
85:30 Orc Burrow
87:18 Watch Tower
87:19 Watch Tower
87:20 Watch Tower
» items
| Healing Salve | 10 | |
| Lesser Clarity Potion | 14 | |
| Scroll of Speed | 4 | |
| Dust of Appearance | 2 | |
| Boots of Speed | 1 | |
| Staff of Teleportation | 1 | |
| Potion of Healing | 12 | |
| Orb of Lightning | 3 | |
| Potion of Mana | 6 | |
| Potion of Lesser Invulnerability | 1 | |
| Scroll of Town Portal | 2 | |
56 total
team 2 (loser)
Lord_Rodman (
purple | 77 APM | 7171 actions | 92:49)
7 Blademaster
3 Wind Walk
3 Critical Strike
1 Bladestorm
8 Shadow Hunter
3 Hex
3 Healing Wave
1 Big Bad Voodoo
1 Serpent Ward
» actions
| Assign group hotkey | 102 | |
| Basic commands | 628 | |
| Build / train | 212 | |
| ESC pressed | 12 | |
| Enter build submenu | 113 | |
| Enter hero's abilities submenu | 17 | |
| Give item / drop item | 11 | |
| Right click | 2932 | |
| Select / deselect | 1572 | |
| Select group hotkey | 1195 | |
| Use ability | 377 | |
7171 total
» units
| Peon | 52 | |
| Grunt | 6 | |
| Shaman | 12 | |
| Goblin Shredder | 5 | |
| Tauren | 15 | |
| Wind Rider | 20 | |
| Demolisher | 14 | |
| Goblin Zeppelin | 5 | |
| Troll Witch Doctor | 1 | |
130 total
» upgrades
| Berserker Strength | 1 | |
| Shaman Training | 2 | |
| Armor | 3 | |
| Reinforced Defenses | 1 | |
| Pulverize | 1 | |
| Melee Weapons | 3 | |
| Ranged Weapons | 3 | |
| Envenomed Spears | 1 | |
| Burning Oil | 1 | |
| Spiked Barricades | 2 | |
| Witch Doctor Training | 1 | |
19 total
» buildings
| Altar of Storms | 1 | |
| Orc Burrow | 9 | |
| War Mill | 2 | |
| Barracks | 3 | |
| Voodoo Lounge | 3 | |
| Watch Tower | 71 | |
| Stronghold | 1 | |
| Great Hall | 8 | |
| Spirit Lodge | 2 | |
| Fortress | 1 | |
| Tauren Totem | 2 | |
| Beastiary | 2 | |
105 total
» build order
00:11 Altar of Storms
00:41 Orc Burrow
00:56 War Mill
01:26 Barracks
01:35 Voodoo Lounge
02:24 Watch Tower
02:43 Orc Burrow
03:09 Orc Burrow
03:40 Watch Tower
04:00 Stronghold
05:09 Orc Burrow
07:13 Watch Tower
07:31 Great Hall
08:08 Spirit Lodge
08:17 Watch Tower
08:35 Orc Burrow
09:03 Fortress
09:25 Watch Tower
10:51 Watch Tower
11:36 Tauren Totem
13:08 Orc Burrow
13:37 Orc Burrow
13:57 Tauren Totem
15:29 Orc Burrow
15:41 Watch Tower
16:35 Beastiary
16:38 Beastiary
16:42 Orc Burrow
17:35 Great Hall
18:48 Watch Tower
19:00 War Mill
20:24 Watch Tower
21:31 Watch Tower
27:50 Watch Tower
28:58 Watch Tower
29:32 Watch Tower
30:18 Watch Tower
31:10 Great Hall
32:47 Watch Tower
33:42 Great Hall
35:18 Watch Tower
35:55 Watch Tower
36:10 Watch Tower
36:24 Watch Tower
37:18 Watch Tower
38:23 Watch Tower
39:01 Watch Tower
40:00 Watch Tower
40:07 Voodoo Lounge
41:13 Watch Tower
41:17 Watch Tower
41:49 Watch Tower
41:55 Watch Tower
42:14 Great Hall
42:32 Watch Tower
43:03 Watch Tower
43:29 Watch Tower
44:11 Watch Tower
44:59 Watch Tower
45:09 Watch Tower
45:38 Watch Tower
45:46 Watch Tower
45:49 Watch Tower
46:09 Watch Tower
46:53 Great Hall
46:58 Watch Tower
47:20 Watch Tower
47:26 Watch Tower
47:47 Watch Tower
48:07 Watch Tower
48:20 Watch Tower
49:28 Great Hall
49:31 Watch Tower
49:37 Watch Tower
50:11 Watch Tower
50:27 Watch Tower
51:41 Watch Tower
52:14 Watch Tower
53:11 Watch Tower
54:35 Watch Tower
55:29 Barracks
56:20 Barracks
59:29 Watch Tower
59:31 Watch Tower
59:39 Watch Tower
59:40 Watch Tower
62:14 Watch Tower
62:22 Watch Tower
62:43 Watch Tower
63:37 Voodoo Lounge
63:39 Watch Tower
63:50 Watch Tower
64:52 Watch Tower
65:16 Watch Tower
65:40 Watch Tower
65:47 Watch Tower
66:20 Watch Tower
66:53 Watch Tower
69:19 Watch Tower
69:55 Watch Tower
72:37 Spirit Lodge
86:01 Great Hall
86:07 Watch Tower
88:49 Watch Tower
88:58 Watch Tower
» items
| Healing Salve | 8 | |
| Lesser Clarity Potion | 7 | |
| Scroll of Speed | 2 | |
| Boots of Speed | 1 | |
| Potion of Healing | 7 | |
| Scroll of Town Portal | 7 | |
| Orb of Lightning | 1 | |
| Potion of Mana | 9 | |
| Potion of Lesser Invulnerability | 1 | |
| Tiny Great Hall | 1 | |
44 total
Chat log
(53:27 / All) Lord_Rodman: mmm
(53:31 / All) Lord_Rodman: taking too long
(53:34 / All) 7.12: leave?
(53:44 / All) 7.12: :P: